 Dungeon Crawl Stone Soup version 0.26-a0-188-ga22346179c (webtiles) character file.

Game seed: 1769250145634434847

53 BritishOli the Ducker (level 3, 0/28 HPs)
             Began as a Demonspawn Gladiator on July 4, 2020.
             Slain by an adder (2 damage)
             ... on level 3 of the Dungeon.
             The game lasted 00:01:09 (1310 turns).

BritishOli the Ducker (Demonspawn Gladiator)        Turns: 1310, Time: 00:01:09

Health: 0/28       AC:  6    Str: 15    XL:     3   Next: 62%
Magic:  3/3        EV: 12    Int:  9    God:
Gold:   95         SH:  0    Dex: 14    Spells: 2/2 levels left

rFire    + . .     SeeInvis +   a - +0 long sword
rCold    . . .     Faith    .   (no shield)
rNeg     . . .     Spirit   .   g - +0 ring mail
rPois    .         Reflect  .   (helmet restricted)
rElec    .         Harm     .   (no cloak)
rCorr    .                      (no gloves)
MR       .....                  e - +0 pair of boots
Stlth    +.........             (no amulet)
HPRegen  0.09/turn              q - ring of see invisible
MPRegen  0.08/turn              (no ring)

@: lethally poisoned (0 -> -3)
A: antennae 1, fire resistance 1
a: no special abilities


You were on level 3 of the Dungeon.
You were hungry.

You visited 1 branch of the dungeon, and saw 3 of its levels.

You collected 95 gold pieces.

Inventory:

Hand Weapons
 a - a +0 long sword (weapon)
Missiles
 d - 3 throwing nets (quivered)
Armour
 c - a +0 helmet
 e - a +0 pair of boots (worn)
 g - a +0 ring mail (worn)
Jewellery
 q - a ring of see invisible (left hand)
Scrolls
 h - 4 scrolls of remove curse {unknown}
 i - a scroll of noise {unknown}
 j - a scroll of blinking {unknown}
 m - a scroll of enchant weapon {unknown}
 n - a scroll of identify {unknown}
 o - a scroll of immolation {unknown}
 p - 2 scrolls of fog {unknown}
 r - 2 scrolls of teleportation {unknown}
Potions
 b - 2 potions of heal wounds {unknown}
 k - a potion of flight {unknown}
 l - 4 potions of degeneration {unknown}
 s - a potion of might {unknown}
Comestibles
 f - 4 rations
 t - 5 chunks of flesh


   Skills:
 + Level 2.6 Fighting
 + Level 3.1 Long Blades
 + Level 2.3 Throwing
 + Level 3.1 Dodging


You had 2 spell levels left.
You didn't know any spells.
Your spell library was empty.

Dungeon Overview and Level Annotations

Branches:
Dungeon (2/15)

Altars:
Hepliaklqana

Annotations:
D:3 duje's ghost, weakling DEWr


Innate Abilities, Weirdness & Mutations

You have a pair of small antennae on your head.
Your flesh is heat resistant. (rF+)


Message History

The adder closely misses you.
You barely miss the adder.
The adder is moderately wounded.
The adder barely misses you.
You miss the adder.
The adder is moderately wounded.
The adder bites you.
* * * LOW HITPOINT WARNING * * *
You are lethally poisoned!
The adder poisons you! The adder bites you but does no damage.
You hit the adder.
The adder is severely wounded.
* * * LOW HITPOINT WARNING * * *
You feel sick. The adder bites you.
* * * LOW HITPOINT WARNING * * *
The adder misses you.
You hit the adder.
The adder is almost dead.
The adder bites you.
You die...

#§##.(##
######≈#≈..≈# #.#
#....+....... ..#
#(...+ ...(. ..#
#....# ≈.h≈ #..#
#....#≈##..##≈#..#
#....#≈≈≈..≈§≈#..#
#...(####''####.#
#...(...#.lghS@.#
##8
####.#####.######
##8. #.# #.# ####.
######(#####.#
#.#_
......(......# #.#
.##.###.#.#..# #.#
.##.##.......#
#####.#
.##.##.##.####
#.....##
###.##.##.#
#.####.#


You could see a gnoll, an adder, a jackal and a frilled lizard.

Vanquished Creatures
  An adder (D:3)
  An ooze (D:1)
  A leopard gecko (D:1)
  An orc (D:3)
  4 giant cockroaches
  A goblin (D:1)
  6 hobgoblins
  5 jackals (D:3)
  4 kobolds
  A ball python (D:1)
  2 bats (D:1)
  4 frilled lizards
  4 rats
35 creatures vanquished.

Notes
Turn   | Place    | Note
-------+----------+-------------------------------------------
     0 | D:1      | BritishOli the Demonspawn Gladiator began the quest for the
                  | Orb.
     0 | D:1      | Reached XP level 1. HP: 16/16 MP: 1/1
     1 | D:1      | Noticed an electric eel
   181 | D:1      | Gained mutation: You have a pair of small antennae on your
                  | head. [demonic ancestry]
   181 | D:1      | Reached XP level 2. HP: 22/22 MP: 2/2
   728 | D:2      | You fall into a shaft and drop 1 floor!
   753 | D:3      | Found a hazy altar of Hepliaklqana.
   768 | D:3      | Gained mutation: Your flesh is heat resistant. (rF+)
                  | [demonic ancestry]
   768 | D:3      | Reached XP level 3. HP: 28/28 MP: 3/3
  1134 | D:3      | Noticed duje's ghost (weakling DEWr)
  1310 | D:3      | Slain by an adder

Illustrated notes

Levels and vault maps discovered:
D:1:      arrival_aquarium_a, layout_rooms
D:2:      layout_basic, nrook_loot_triangle, chequers_serial_rivers_micro_a,
          minmay_tall_x
D:3:      layout_loops_cross, nicolae_overflow_hidden_temple,
          gammafunk_ghost_cemetery, first_ration, kennysheep_generic_room_5

Skill      XL: |  1  2 |
---------------+-------+-----
Throwing       | 2 |  2.3
Dodging        | 3 |  3.1
Long Blades    | 3 |  3.1
Fighting       | |  2.6

Action                   || total
-------------------------++-------
Melee: Long sword        ||   122
  Eat: Chunk             ||     1
Armor: Leather armour    ||    13
       Ring mail         ||    65
Dodge: Dodged            ||   106
       Rpst.: Long sword ||    32

Table legend:
 A = Non-vault XP
 B = Vault XP
 C = Vault XP percentage of total XP
 D = Non-vault monster count
 E = Vault monster count
 F = Vault count percentage of total count
                 A         B        C        D         E       F
            +---------+---------+-------+---------+---------+-------
      Total |      76 |       0 |   0.0 |      35 |       0 |   0.0
            +---------+---------+-------+---------+---------+-------
        D:1 |      29 |       0 |   0.0 |      16 |       0 |   0.0
        D:2 |       9 |       0 |   0.0 |       5 |       0 |   0.0
        D:3 |      38 |       0 |   0.0 |      14 |       0 |   0.0
            +---------+---------+-------+---------+---------+-------
